cohdb
Replays
Latest Replays
All Replays
Popular Replays
Top Player Replays
Match Explorer
How It Works
Community
CoH3 Stats
Reddit
Sign in to upload your games and track your stats! →
Sign in with Steam
Match 44349020
Unlisted
Match 44349020
Overview
Messages
Build Orders
End
Royal Engineer Section
Selects Indian Artillery Battlegroup
Construct Section Command Post
Vickers Machine Gun Team
Infantry Section
Selects War Cry
Infantry Section
Construct Platoon Command Post
Grenade Package
Selects Gurkha Rifles Section
Humber Armored Car
6-pounder Anti-tank Gun Team
Selects Pillage
Construct Field Infirmary
Gurkha Rifles Section
Construct Company Command Post
Selects Artillery Saturation
Matilda II Heavy Tank
Selects Off-map Airburst Barrage
Infantry Training
Unlock Towed 17-pounder Anti-tank Guns
17-pounder Anti-tank Gun Team
Selects Perimeter Monitor
Infantry Section
Matilda II Heavy Tank
Infantry Section
Royal Engineer Section
Perimeter Monitor
robwarrior
LionElPotato
Galthur
geitje1
baspen83
湫
belisarius
callofnoob
0
0
Comments
sign in to comment!
No comments posted yet!